 Dungeon Crawl Stone Soup version 0.23.2-33-g5129a83184 (webtiles) character file.

Game seed: 7593707322513809716

200 t4s4d4r the Digger (level 5, -1/28 HPs)
             Began as a Gargoyle Earth Elementalist on July 2, 2019.
             Was a Follower of Makhleb.
             Killed by divine providence
             ... invoked by an orc priest
              (15 damage)
             ... on level 3 of the Dungeon.
             The game lasted 00:06:03 (2623 turns).

t4s4d4r the Digger (Gargoyle Earth Elementalist)    Turns: 2623, Time: 00:06:05

Health: -1/28      AC:  6    Str: 11    XL:     5   Next: 78%
Magic:  5/10       EV: 14    Int: 17    God:    Makhleb [*.....]
Gold:   158        SH:  0    Dex: 10    Spells: 6/10 levels left

rFire    . . .     SeeInvis .   a - +0 short sword
rCold    . . .     Gourm    .   (no shield)
rNeg     + + .     Faith    .   c - +0 robe
rPois    ∞         Spirit   .   (no helmet)
rElec    +         Reflect  .   (no cloak)
rCorr    .         Harm     .   (no gloves)
MR       .....                  (no boots)
Stlth    ++........             u - amulet of regeneration
HPRegen  0.49/turn              j - +2 ring of evasion
MPRegen  0.12/turn              q - ring of positive energy

@: very slightly contaminated
A: negative energy resistance 1, electricity resistance, unbreathing,
petrification resistance, rot immunity, AC +4
a: Renounce Religion


You were on level 3 of the Dungeon.
You worshipped Makhleb.
Makhleb was aware of your devotion.
You were not hungry.

You visited 1 branch of the dungeon, and saw 4 of its levels.

You collected 158 gold pieces.

Inventory:

Hand Weapons
 a - a +0 short sword (weapon)
Missiles
 b - 96 stones (quivered)
Armour
 c - a +0 robe (worn)
Jewellery
 j - a +2 ring of evasion (left hand)
 q - a ring of positive energy (right hand)
 u - an amulet of regeneration (around neck)
Wands
 y - a wand of clouds (6)
 A - a wand of iceblast (6)
Scrolls
 f - 3 scrolls of teleportation {unknown}
 g - a scroll of blinking {unknown}
 h - a scroll of magic mapping {unknown}
 m - a scroll of enchant armour {unknown}
 n - 3 scrolls of enchant weapon {unknown}
 p - 4 scrolls of identify
 s - 4 scrolls of immolation {unknown}
 w - a scroll of random uselessness {unknown}
 x - a scroll of remove curse
Potions
 e - 2 potions of lignification
 i - a potion of haste
 k - a potion of cancellation
 l - 2 potions of brilliance
 o - 3 potions of resistance
 t - a potion of magic
 v - a potion of curing {unknown}
 z - a potion of might {unknown}
Comestibles
 d - 2 rations
 r - 2 chunks of flesh


   Skills:
 - Level 1.5 Dodging
 - Level 2.1 Stealth
 + Level 3.4 Spellcasting
 + Level 1.4 Conjurations
   Level 0.7 Transmutations
 * Level 6.2 Earth Magic


You had 6 spell levels left.
You knew the following spells:

 Your Spells              Type           Power        Failure   Level  Hunger
a - Sandblast             Erth           ###...       1%          1    None
b - Stone Arrow           Conj/Erth      ###...       11%         3    ###....

Your spell library contained the following spells:

 Spells                   Type           Power        Failure   Level  Hunger
 Passwall                 Tmut/Erth      ##......     6%          2    ##.....
 Lee's Rapid Deconstruct  Erth           ###.......   34%         5    ######.
 Petrify                  Tmut/Erth      ##......     36%         4    ####...


Dungeon Overview and Level Annotations

Branches:
Dungeon (4/15)
 Temple: D:4-7

Altars:
Makhleb


Innate Abilities, Weirdness & Mutations

You are resistant to torment.
Your stone body is resilient. (AC +4)
You are immune to poison.
You resist negative energy. (rN+)
You are resistant to electric shocks. (rElec)
You can survive without breathing.
You are immune to petrification.
You are immune to rotting.


Message History

b - 96 stones The orc hits you but does no damage.
The orc priest invokes the aid of Beogh against you.
Beogh smites you! The orc wizard casts a spell at you. The magic dart hits you.
You climb upwards.
There is a stone staircase leading down here.
Casting: Sandblast (safe; 1% risk of failure)
Confirm with . or Enter, or press ? or * to list all spells.
Aiming: Sandblast (safe; 1% risk of failure)
Press: ? - help, Shift-Dir - straight line, f - orc priest
Aim: an orc priest, wielding a +0 war axe and wearing a +0 leather armour You miscast Sandblast.
You are very lightly contaminated with residual magic.
Nothing appears to happen.
The orc priest calls down the wrath of Beogh upon you.
Beogh smites you!
Ouch! That really hurt!
You die...

#...####.#.#.# #.
#.#..........## #.
#.........#)..# #.
###..#.#..#.#.###.
#.......#.#.....
####..####.#.######
#.....# #.#.#
###############.#...#
#.#.#
...............o@.###
#...#
#############..o#o#.#
#####
#.........##....<..###
#............##..#...#
#.............#..#.###
#.............#..#÷#
#.............#..#.#
#.........##.##..#.#
#.........##.#...#.#


You could see an orc priest, an orc wizard and an orc.

Vanquished Creatures
  A howler monkey (D:3)
  Terence (D:2)
  Ijyb (D:3)
  5 adders
  2 worms (D:2)
  5 dart slugs
  An orc (D:3)
  10 bats
  2 giant cockroaches
  10 goblins
  4 hobgoblins
  A quokka (D:3)
  A frilled lizard (D:3)
  10 kobolds
  4 rats
58 creatures vanquished.

Notes
Turn   | Place    | Note
-------+----------+-------------------------------------------
     0 | D:1      | t4s4d4r the Gargoyle Earth Elementalist began the quest for
                  | the Orb.
     0 | D:1      | Reached XP level 1. HP: 10/10 MP: 3/3
   330 | D:1      | Reached XP level 2. HP: 15/15 MP: 5/5
   791 | D:2      | Reached skill level 4 in Earth Magic
   791 | D:2      | Reached XP level 3. HP: 8/19 MP: 5/7
  1087 | D:2      | Noticed Terence
  1226 | D:2      | Killed Terence
  1226 | D:2      | Reached XP level 4. HP: 18/24 MP: 1/8
  1299 | D:2      | Found a burning altar of Makhleb.
  1331 | D:2      | Became a worshipper of Makhleb the Destroyer
  1370 | D:2      | Reached skill level 5 in Earth Magic
  1609 | D:2      | Learned a level 3 spell: Stone Arrow
  2188 | D:3      | Reached XP level 5. HP: 27/28 MP: 7/9
  2250 | D:3      | Noticed Ijyb
  2260 | D:3      | Reached * piety under Makhleb
  2270 | D:3      | Killed Ijyb
  2270 | D:3      | Reached skill level 1 in Conjurations
  2270 | D:3      | Reached skill level 6 in Earth Magic
  2623 | D:3      | Killed from afar by an orc priest

Skill      XL: |  1  2  3  4  5 |
---------------+----------------+-----
Spellcasting   | 3 |  3.4
Earth Magic    | 4 5 6 |  6.2
Conjurations   | 1 |  1.4
Dodging        | |  1.5
Stealth        | |  2.1
Transmutations | |  0.7

Action                   |  1- 3 |  4- 6 || total
-------------------------+-------+-------++-------
Melee: Short sword       |    73 |   127 ||   200
       Unarmed           |     1 |       ||     1
 Cast: Sandblast         |     9 |    31 ||    40
  Use: Scroll            |     2 |     6 ||     8
 Stab: Sleeping          |     4 |     4 ||     8
  Eat: Chunk             |       |     2 ||     2
       Ration            |       |     1 ||     1
Armor: Robe              |    19 |    49 ||    68
Dodge: Dodged            |    56 |   105 ||   161
